%YAML 1.1
%TAG !u! tag:unity3d.com,2011:
--- !u!1001 &6224302086980867578
PrefabInstance:
  m_ObjectHideFlags: 0
  serializedVersion: 2
  m_Modification:
    serializedVersion: 3
    m_TransformParent: {fileID: 0}
    m_Modifications:
    - target: {fileID: -8679921383154817045, guid: 7fe0be0fcac55de4da6b93bcba8b4f49, type: 3}
      propertyPath: m_LocalPosition.x
      value: 32.391556
      objectReference: {fileID: 0}
    - target: {fileID: -8679921383154817045, guid: 7fe0be0fcac55de4da6b93bcba8b4f49, type: 3}
      propertyPath: m_LocalPosition.y
      value: 0
      objectReference: {fileID: 0}
    - target: {fileID: -8679921383154817045, guid: 7fe0be0fcac55de4da6b93bcba8b4f49, type: 3}
      propertyPath: m_LocalPosition.z
      value: -23.027832
      objectReference: {fileID: 0}
    - target: {fileID: -8679921383154817045, guid: 7fe0be0fcac55de4da6b93bcba8b4f49, type: 3}
      propertyPath: m_LocalRotation.w
      value: 0.7071067
      objectReference: {fileID: 0}
    - target: {fileID: -8679921383154817045, guid: 7fe0be0fcac55de4da6b93bcba8b4f49, type: 3}
      propertyPath: m_LocalRotation.x
      value: -0.7071068
      objectReference: {fileID: 0}
    - target: {fileID: -8679921383154817045, guid: 7fe0be0fcac55de4da6b93bcba8b4f49, type: 3}
      propertyPath: m_LocalRotation.y
      value: 0
      objectReference: {fileID: 0}
    - target: {fileID: -8679921383154817045, guid: 7fe0be0fcac55de4da6b93bcba8b4f49, type: 3}
      propertyPath: m_LocalRotation.z
      value: -0
      objectReference: {fileID: 0}
    - target: {fileID: -8679921383154817045, guid: 7fe0be0fcac55de4da6b93bcba8b4f49, type: 3}
      propertyPath: m_LocalEulerAnglesHint.x
      value: 0
      objectReference: {fileID: 0}
    - target: {fileID: -8679921383154817045, guid: 7fe0be0fcac55de4da6b93bcba8b4f49, type: 3}
      propertyPath: m_LocalEulerAnglesHint.y
      value: 0
      objectReference: {fileID: 0}
    - target: {fileID: -8679921383154817045, guid: 7fe0be0fcac55de4da6b93bcba8b4f49, type: 3}
      propertyPath: m_LocalEulerAnglesHint.z
      value: 0
      objectReference: {fileID: 0}
    - target: {fileID: 919132149155446097, guid: 7fe0be0fcac55de4da6b93bcba8b4f49, type: 3}
      propertyPath: m_Name
      value: Water_Elemental_House_Broken
      objectReference: {fileID: 0}
    m_RemovedComponents: []
    m_RemovedGameObjects: []
    m_AddedGameObjects: []
    m_AddedComponents:
    - targetCorrespondingSourceObject: {fileID: 919132149155446097, guid: 7fe0be0fcac55de4da6b93bcba8b4f49, type: 3}
      insertIndex: -1
      addedObject: {fileID: 7439997896831764569}
    - targetCorrespondingSourceObject: {fileID: 919132149155446097, guid: 7fe0be0fcac55de4da6b93bcba8b4f49, type: 3}
      insertIndex: -1
      addedObject: {fileID: 7801469156989829737}
    - targetCorrespondingSourceObject: {fileID: 919132149155446097, guid: 7fe0be0fcac55de4da6b93bcba8b4f49, type: 3}
      insertIndex: -1
      addedObject: {fileID: 2510977954162638951}
    - targetCorrespondingSourceObject: {fileID: 919132149155446097, guid: 7fe0be0fcac55de4da6b93bcba8b4f49, type: 3}
      insertIndex: -1
      addedObject: {fileID: 841698854581437296}
    - targetCorrespondingSourceObject: {fileID: 919132149155446097, guid: 7fe0be0fcac55de4da6b93bcba8b4f49, type: 3}
      insertIndex: -1
      addedObject: {fileID: 8600593056648095717}
  m_SourcePrefab: {fileID: 100100000, guid: 7fe0be0fcac55de4da6b93bcba8b4f49, type: 3}
--- !u!1 &6530289917841025195 stripped
GameObject:
  m_CorrespondingSourceObject: {fileID: 919132149155446097, guid: 7fe0be0fcac55de4da6b93bcba8b4f49, type: 3}
  m_PrefabInstance: {fileID: 6224302086980867578}
  m_PrefabAsset: {fileID: 0}
--- !u!65 &7439997896831764569
BoxCollider:
  m_ObjectHideFlags: 0
  m_CorrespondingSourceObject: {fileID: 0}
  m_PrefabInstance: {fileID: 0}
  m_PrefabAsset: {fileID: 0}
  m_GameObject: {fileID: 6530289917841025195}
  m_Material: {fileID: 0}
  m_IncludeLayers:
    serializedVersion: 2
    m_Bits: 0
  m_ExcludeLayers:
    serializedVersion: 2
    m_Bits: 0
  m_LayerOverridePriority: 0
  m_IsTrigger: 0
  m_ProvidesContacts: 0
  m_Enabled: 1
  serializedVersion: 3
  m_Size: {x: 3.3252544, y: 3.2789183, z: 1.463039}
  m_Center: {x: -0.00022411346, y: -0.008615614, z: 0.4250684}
--- !u!65 &7801469156989829737
BoxCollider:
  m_ObjectHideFlags: 0
  m_CorrespondingSourceObject: {fileID: 0}
  m_PrefabInstance: {fileID: 0}
  m_PrefabAsset: {fileID: 0}
  m_GameObject: {fileID: 6530289917841025195}
  m_Material: {fileID: 0}
  m_IncludeLayers:
    serializedVersion: 2
    m_Bits: 0
  m_ExcludeLayers:
    serializedVersion: 2
    m_Bits: 0
  m_LayerOverridePriority: 0
  m_IsTrigger: 0
  m_ProvidesContacts: 0
  m_Enabled: 1
  serializedVersion: 3
  m_Size: {x: 0.8868599, y: 1.3559031, z: 0.7003726}
  m_Center: {x: 2.1616917, y: 0.9522041, z: 0.04374144}
--- !u!65 &2510977954162638951
BoxCollider:
  m_ObjectHideFlags: 0
  m_CorrespondingSourceObject: {fileID: 0}
  m_PrefabInstance: {fileID: 0}
  m_PrefabAsset: {fileID: 0}
  m_GameObject: {fileID: 6530289917841025195}
  m_Material: {fileID: 0}
  m_IncludeLayers:
    serializedVersion: 2
    m_Bits: 0
  m_ExcludeLayers:
    serializedVersion: 2
    m_Bits: 0
  m_LayerOverridePriority: 0
  m_IsTrigger: 0
  m_ProvidesContacts: 0
  m_Enabled: 1
  serializedVersion: 3
  m_Size: {x: 0.41433716, y: 0.49670702, z: 1.1561801}
  m_Center: {x: 1.8559227, y: -1.3640698, z: 0.27163467}
--- !u!65 &841698854581437296
BoxCollider:
  m_ObjectHideFlags: 0
  m_CorrespondingSourceObject: {fileID: 0}
  m_PrefabInstance: {fileID: 0}
  m_PrefabAsset: {fileID: 0}
  m_GameObject: {fileID: 6530289917841025195}
  m_Material: {fileID: 0}
  m_IncludeLayers:
    serializedVersion: 2
    m_Bits: 0
  m_ExcludeLayers:
    serializedVersion: 2
    m_Bits: 0
  m_LayerOverridePriority: 0
  m_IsTrigger: 0
  m_ProvidesContacts: 0
  m_Enabled: 1
  serializedVersion: 3
  m_Size: {x: 0.65715027, y: 0.75265133, z: 0.99146444}
  m_Center: {x: 0.36098862, y: -2.0702472, z: 0.18931423}
--- !u!65 &8600593056648095717
BoxCollider:
  m_ObjectHideFlags: 0
  m_CorrespondingSourceObject: {fileID: 0}
  m_PrefabInstance: {fileID: 0}
  m_PrefabAsset: {fileID: 0}
  m_GameObject: {fileID: 6530289917841025195}
  m_Material: {fileID: 0}
  m_IncludeLayers:
    serializedVersion: 2
    m_Bits: 0
  m_ExcludeLayers:
    serializedVersion: 2
    m_Bits: 0
  m_LayerOverridePriority: 0
  m_IsTrigger: 0
  m_ProvidesContacts: 0
  m_Enabled: 1
  serializedVersion: 3
  m_Size: {x: 0.5054436, y: 1.8478681, z: 1.2479717}
  m_Center: {x: -1.980608, y: -0.79158473, z: 0.31752494}
